Map: Bridgehead LE (Void)

Players

wabbajack

  • Race: Terran Terran
  • League: Gold

Leachdude - Winner!

  • Race: Protoss Protoss
  • League: Grandmaster

VOD

Have the link to the VOD?

Description

Time

  • Played on: July 17, 2015, 4:56 p.m.
  • Length: 7:59
Show
View Real Time Build Order
Export as new Build Order

wabbajack Terran 

Build Orders: Command Center First (CC) 

Get SALT Encoding   

  12  0:01  SCV  
  13  0:13  SCV  
  14  0:18  Supply Depot  
  14  0:25  SCV  
  15  0:40  SCV  
  16  0:52  SCV  
  17  1:01  Command Center  
  17  1:07  SCV  
  18  1:15  Barracks  
  18  1:19  SCV  
  18  1:25  Refinery  
  19  1:31  SCV  
  20  1:41  Barracks  
  20  1:45  SCV  
  21  2:08  Bunker  
  21  2:11  Orbital Command  
  21  2:14  Orbital Command  
  21  2:19  Marine  
  22  2:29  Factory  
  22  2:32  Refinery  
  22  2:37  Refinery  
  22  2:41  SCV x2  
  24  2:46  Marine  
  24  2:48  Barracks Reactor  
  25  2:57  SCV  
  26  2:58  SCV  
  27  3:09  SCV  
  27  3:10  SCV  
  29  3:18  Starport  
  29  3:21  SCV  
  29  3:23  SCV  
  31  3:29  Refinery  
  31  3:30  Barracks Reactor  
  31  3:32  Marine x2  
  31  3:33  SCV  
  34  3:35  SCV  
  34  3:37  Factory Reactor  
  35  3:42  Starport  
  35  4:02  Liberator  
  35  4:10  Barracks Reactor  
  38  4:50  Supply Depot x2  
  38  4:54  Liberator  
  38  4:58  Armory  
  38  5:11  SCV x2, Hellion, Medivac x2, Marine x4  
  38  5:12  Supply Depot  
  53  5:15  Supply Depot  
  53  5:16  Liberator  
  53  5:29  Marine  
  53  5:32  Supply Depot  
  53  5:33  Marine  
  53  5:34  SCV x2  
  60  5:37  Liberator  
  60  5:38  Supply Depot  
  60  5:43  Widow Mine  
  60  5:44  Marine  
  60  5:45  Marine  
  60  5:46  SCV x2  
  60  5:47  Marine  
  67  5:51  Marine, Medivac  
  67  5:53  Medivac  
  75  5:58  Supply Depot  
  75  5:59  Liberator  
  75  6:02  Supply Depot  
  75  6:13  Hellion  
  75  6:18  Marine x4  
  84  6:40  Liberator x2  
  84  6:41  Liberator  
  84  6:50  Marine x2  
  84  6:51  Marine x2  
  84  6:52  Factory Tech Lab  
  88  6:54  Command Center  
  97  7:04  SCV x2  
  97  7:08  Marine x3  
  101  7:09  Supply Depot  
  101  7:10  Supply Depot  
  102  7:31  SCV x2, Marine  
  102  7:33  Supply Depot  
  105  7:41  Supply Depot  
  105  7:43  SCV x2  
Show
View Real Time Build Order
Export as new Build Order

Leachdude Protoss - Winner!

Build Orders:  

Get SALT Encoding   

  12  0:01  Probe  
  13  0:13  Probe  
  14  0:20  Pylon  
  14  0:30  Assimilator  
  14  0:38  Probe (Chrono Boost)  
  15  0:49  Probe (Chrono Boost)  
  16  0:55  Probe  
  17  1:10  Nexus  
  17  1:13  Probe (Chrono Boost)  
  18  1:25  Gateway  
  18  1:28  Probe (Chrono Boost)  
  19  1:39  Probe (Chrono Boost)  
  20  1:43  Assimilator  
  20  1:48  Probe (Chrono Boost)  
  20  1:53  Pylon  
  21  1:56  Probe  
  22  2:11  Probe  
  23  2:18  Cybernetics Core  
  23  2:23  Probe (Chrono Boost)  
  23  2:28  Zealot  
  23  2:29  Probe (Chrono Boost)  
  27  2:36  Probe (Chrono Boost)  
  29  2:37  Probe (Chrono Boost)  
  29  2:39  Pylon  
  29  2:48  Probe (Chrono Boost)  
  29  2:50  Pylon  
  30  2:54  Probe (Chrono Boost)  
  31  2:58  Stargate  
  31  3:03  Stalker, Probe (Chrono Boost)  
  34  3:07  Probe (Chrono Boost)  
  35  3:15  Probe (Chrono Boost)  
  35  3:19  Probe (Chrono Boost)  
  37  3:24  Stargate  
  37  3:28  Pylon  
  37  3:29  Probe  
  37  3:31  Probe  
  39  3:40  Stalker  
  41  3:42  Void Ray (Chrono Boost)  
  45  3:54  Probe  
  44  4:09  Void Ray (Chrono Boost)  
  48  4:10  Forge  
  48  4:13  Pylon  
  48  4:17  Stalker  
  48  4:18  Void Ray  
  48  4:19  Probe  
  48  4:20  Probe  
  48  4:24  Assimilator  
  56  4:27  Assimilator  
  56  4:35  Probe (Chrono Boost)  
  56  4:38  Probe (Chrono Boost)  
  59  4:46  Probe (Chrono Boost)  
  59  4:47  Probe (Chrono Boost)  
  62  4:54  Mothership Core (Chrono Boost)  
  62  4:55  Stalker, Probe (Chrono Boost)  
  65  5:07  Probe  
  65  5:13  Probe  
  67  5:19  Probe  
  68  5:23  Void Ray, Pylon  
  68  5:25  Stalker, Probe  
  75  5:31  Probe  
  75  5:32  Protoss Shields Level 1 (Chrono Boost)  
  76  5:44  Photon Cannon  
  76  5:47  Probe x2  
  76  5:48  Pylon  
  78  5:52  Nexus  
  78  5:55  Stalker  
  80  5:59  Probe  
  80  6:00  Probe  
  82  6:04  Pylon  
  82  6:09  Void Ray (Chrono Boost)  
  82  6:11  Probe, Robotics Facility  
  87  6:14  Void Ray (Chrono Boost)  
  91  6:25  Pylon  
  91  6:27  Probe (Chrono Boost)  
  91  6:28  Probe (Chrono Boost)  
  93  6:37  Photon Cannon  
  93  6:38  Probe x2 (Chrono Boost)  
  95  6:41  Stalker  
  95  6:45  Pylon  
  97  6:51  Void Ray (Chrono Boost)  
  101  6:58  Fleet Beacon  
  101  7:02  Observer  
  101  7:05  Probe x3 (Chrono Boost)  
  101  7:07  Assimilator  
  105  7:10  Assimilator  
  105  7:17  Probe x2 (Chrono Boost)  
  105  7:19  Probe (Chrono Boost)  
  108  7:24  Photon Cannon  
  108  7:27  Stalker  
  114  7:32  Pylon  
  114  7:39  Twilight Council  
  116  7:47  Probe x3 (Chrono Boost)  
  117  7:57  Photon Cannon  
Tags
 
Add a new tag
Caveats
  • Supply blocks, unpowered buildings, or Contaminate may cause inaccurate times.
  • Supply counts are checked every 10 seconds.